 Dungeon Crawl Stone Soup version 0.21-a0-552-g593960d (webtiles) character file.

35 polly the Skirmisher (level 3, -3/43 HPs)
             Began as a Demonspawn Berserker on Dec 18, 2017.
             Was a Follower of Trog.
             Slain by Sigmund
             ... wielding a +0 scythe
              (8 damage)
             ... on level 2 of the Dungeon.
             The game lasted 00:01:26 (1307 turns).

polly the Skirmisher (Demonspawn Berserker)         Turns: 1307, Time: 00:01:26

Health: -3/43      AC:  8    Str: 22    XL:     3   Next: 16%
Magic:  3/3        EV: 10    Int:  8    God:    Trog [*.....]
Gold:   51         SH:  0    Dex: 13    Spells: 2/2 levels left

rFire    . . .     SeeInvis .   a - +0 mace
rCold    . . .     Gourm    .   (no shield)
rNeg     . . .     Faith    .   l - +0 scale mail
rPois    .         Spirit   .   (no helmet)
rElec    .         Reflect  .   (no cloak)
rCorr    .         Harm     .   (no gloves)
MR       .....                  (no boots)
Stlth    ..........             (no amulet)
HPRegen  0.14/turn              (no ring)
MPRegen  0.08/turn              (no ring)

@: berserking, very quick
A: molten scales 1, spiny 1
a: Berserk, Burn Spellbooks, Renounce Religion


You were on level 2 of the Dungeon.
You worshipped Trog.
Trog was aware of your devotion.
You were very hungry.

You visited 1 branch of the dungeon, and saw 2 of its levels.

You collected 51 gold pieces.

Inventory:

Hand Weapons
 a - a +0 mace (weapon)
Armour
 l - a +0 scale mail (worn)
Wands
 b - a wand of polymorph (13)
Scrolls
 d - a scroll of remove curse {unknown}
 i - 2 scrolls of identify {unknown}
 j - 2 scrolls of teleportation {unknown}
 k - a scroll of enchant weapon {unknown}
Potions
 e - 2 potions of curing
 g - a potion of flight {unknown}
 m - a potion of lignification {unknown}
Comestibles
 c - a bread ration
 f - a meat ration
 h - 5 fruits
 n - 2 chunks of flesh


   Skills:
 + Level 3.5 Fighting
 + Level 3.2 Maces & Flails
 + Level 1.9 Armour
 + Level 2.0 Dodging


You had 2 spell levels left.
You didn't know any spells.

Dungeon Overview and Level Annotations

Branches:
Dungeon (2/15)

Altars:
Zin

Annotations:
D:2 Sigmund


Innate Abilities, Weirdness & Mutations

You are partially covered in molten scales. (AC +2)
You are partially covered in sharp spines.


Message History

You hit Sigmund.
Sigmund is heavily wounded.
You feel less confused.
You sock Sigmund!
Sigmund is severely wounded.
Sigmund is struck by your spines. Sigmund hits you with a scythe!
* * * LOW HITPOINT WARNING * * *
A red film seems to cover your vision as you go berserk!
You feel yourself moving faster!
You feel mighty!
You are feeling very hungry.
Sigmund casts a spell at you. The magic dart hits you!
* * * LOW HITPOINT WARNING * * *
You sock Sigmund!
Sigmund is almost dead.
Sigmund drinks a potion.
Sigmund is healed!
You hit Sigmund.
Sigmund is severely wounded.
Sigmund hits you with a scythe!
You die...

##.## #.#
#.# ##'##
##...##
##.....##
##.......##
#.........#
+...@@....+
#.........#
##.......##
##.....##
##...##
##+##


You could see Sigmund.

Vanquished Creatures
  An ooze (D:1)
  2 worms (D:2)
  A bat (D:1)
  2 giant cockroaches (D:1)
  A goblin (D:1)
  7 hobgoblins
  A ball python (D:1)
  2 frilled lizards
  5 kobolds
  A rat (D:1)
23 creatures vanquished.

Notes
Turn   | Place    | Note
-------+----------+-------------------------------------------
     0 | D:1      | polly the Demonspawn Berserker began the quest for the Orb.
     0 | D:1      | Reached XP level 1. HP: 18/18 MP: 1/1
   266 | D:1      | Gained mutation: You are partially covered in sharp spines. [demonic ancestry]
   266 | D:1      | Reached XP level 2. HP: 17/24 MP: 2/2
  1099 | D:2      | Gained mutation: You are partially covered in molten scales. (AC +2) [demonic ancestry]
  1099 | D:2      | Reached XP level 3. HP: 27/29 MP: 3/3
  1149 | D:2      | Found a glowing silver altar of Zin.
  1149 | D:2      | Noticed an angel
  1290 | D:2      | Noticed Sigmund
  1307 | D:2      | Slain by Sigmund

Vault maps used:
D:1:      matt_arrival_grand_opening, serial_bayou_pond_c
D:2:      zin_angel, old_standard_altar, minmay_misc_feat_secret_circle,
          minivault_14, uniq_sigmund

Skill      XL: |  1  2  3 |
---------------+----------+-----
Maces & Flails | 3 |  3.2
Dodging        | 2 |  2.0
Fighting       | |  3.5
Armour         | |  1.9

Action                   || total
-------------------------++-------
Melee: Mace              ||    75
Invok: Berserk           ||     2
  Eat: Chunk             ||     2
Armor: Animal skin       ||    10
       Scale mail        ||     6
Dodge: Dodged            ||    43

Table legend:
 A = Spawn XP
 B = Non-spawn XP
 C = Spawn XP percentage of total XP
 D = Spawn monster count
 E = Non-spawn monster count
 F = Spawn count percentage of total count
 G = Total turns spent on level
                    A         B        C        D         E        F      G
               +---------+---------+-------+---------+---------+-------+---------
         Total |       0 |      50 |   0.0 |       0 |      23 |   0.0 |  1307
               +---------+---------+-------+---------+---------+-------+---------
           D:1 |       0 |      36 |   0.0 |       0 |      18 |   0.0 |  1092
           D:2 |       0 |      14 |   0.0 |       0 |       5 |   0.0 |   215
               +---------+---------+-------+---------+---------+-------+---------
